Description

A very easy build order with a solid win rate in Zerg vs Zerg.

VOD

https://youtu.be/EFGJKS69qz0

Build Order

Get SALT Encoding   

  12  0:01  Drone  
  14  0:10  Drone  
  13  0:15  Extractor  Extractor Trick @ :18 cancel Extractor
  14  0:16  Drone  
  15  0:39  Hatchery  
  14  0:42  Extractor  
  13  0:44  Drone  
  14  0:58  Spawning Pool  
  13  1:02  Drone  
  14  1:12  Overlord  
  14  1:43  Action  Pull drones off of gas
  14  1:47  Metabolic Boost  
  16  1:48  Zergling x2, Queen  
  19  1:52  Zergling  
  20  1:53  Zergling  
  21  1:59  Zergling  
  22  2:05  Zergling  
  23  2:11  Zergling  
  23  2:14  Overlord  
  24  2:21  Zergling  
  25  2:27  Zergling  
  26  2:32  Zergling  
  27  2:37  Zergling  
  28  2:42  Zergling  
  29  2:46  Zergling  
  33  2:55  Zergling x4  
  34  2:59  Zergling  
  34  3:00  Action  Send wave
Spawning Tool Build Advisor. Get it on Overwolf

Go to:

Details

  • Created by: kingfish
  • Published on: Feb 17, 2020
  • Modified on: Feb 17, 2020
  • Patch: 4.11.0
Show
View Real Time Build Order
Export as new Build Order

Comments (0)

There are no comments. Be the first!

Create an account to comment!